AoeStats
← GRIFOLYON

Arena

509758245Analyzed
3v3 RM · 5d ago on Sep 27, 2026· 46m 52s· 6 players
Game mode
Random Map
Map size
Normal (6 player)
Population
200
Speed
Normal
Resources
Standard
Victory
Conquest
Starting age
Dark Age
Ending age
Imperial Age
RankedLock teamsTeams togetherTeam positionsShared explorationLock speedFull tech treeHidden civsTurbo modeCheats
Victory
Defeat
🇺🇸 Saracens · United States
844
+12
🇲🇽 Hindustanis · Mexico
822
+13
🇲🇽 Byzantines · Mexico
728
+17
🇪🇸 Saxons · Spain
772
-15
🇨🇳 Franks · China
743
-14
🇺🇸 Turks · United States
739
-26
xSmokePotx
4:54 Loom
13:57 Feudal Age
14:21 Feudal Age
16:27 Wheelbarrow
15:51 Double-Bit Axe
19:55 Castle Age
20:09 Loom
20:58 Hand Cart
20:52 Gold Mining
20:53 Stone Mining
21:31 Bow Saw
24:49 Scale Barding Armor
34:18 Bloodlines
34:11 Husbandry
40:54 Imperial Age
41:05 Fortified Wall
山猪佩奇y
10:43 Feudal Age
11:43 Double-Bit Axe
13:34 Wheelbarrow
17:37 Castle Age
16:25 Gold Mining
16:26 Stone Mining
18:38 Bow Saw
19:42 Hand Cart
20:05 Gold Shaft Mining
28:16 Imperial Age
28:35 Forging
28:31 Scale Barding Armor
29:07 Loom
29:10 Town Watch
31:29 Iron Casting
31:15 Chain Barding Armor
31:11 Town Patrol
31:34 Caravan
34:28 Blast Furnace
34:04 Plate Barding Armor
33:26 Cavalier
34:09 Husbandry
35:06 Paladin
36:36 Conscription
Surfacegen
7:11 Loom
13:03 Feudal Age
18:20 Castle Age
18:03 Double-Bit Axe
18:36 Horse Collar
24:27 Wheelbarrow
24:05 Heavy Plow
25:06 Bow Saw
26:10 Treadmill Crane
31:40 Imperial Age
29:43 Town Watch
31:34 Squires
31:20 Gambesons
30:58 Pikeman
31:43 Capped Ram
32:48 Conscription
32:27 Arson
32:49 Halberdier
34:08 Murder Holes
34:54 Fletching
35:14 Forging
35:05 Scale Mail Armor
36:43 Two-Man Saw
GabrielLeal16
8:05 Loom
11:27 Feudal Age
16:46 Castle Age
15:30 Horse Collar
15:36 Double-Bit Axe
18:17 Wheelbarrow
20:37 Bow Saw
25:12 Heavy Plow
26:27 Gold Mining
26:30 Stone Mining
30:04 Imperial Age
28:23 Hand Cart
28:49 Caravan
29:20 Coinage
30:22 Ballistics
32:06 Bimaristan
34:52 Chemistry
33:20 Elite Mameluke
35:09 Husbandry
35:20 Bloodlines
34:31 Heavy Camel Rider
36:49 Fletching
37:00 Padded Archer Armor
37:11 Forging
37:06 Scale Barding Armor
42:27 Banking
42:34 Chain Barding Armor
42:16 Bodkin Arrow
42:37 Leather Archer Armor
42:58 Iron Casting
44:23 Counterweights
44:46 Masonry
44:32 Murder Holes
45:43 Two-Man Saw
GRIFOLYON
12:31 Feudal Age
13:02 Double-Bit Axe
15:26 Horse Collar
21:04 Castle Age
19:05 Gold Mining
22:43 Bow Saw
22:43 Heavy Plow
23:51 Pikeman
25:51 Stone Mining
27:00 Wheelbarrow
29:22 Caravan
29:55 Coinage
34:04 Imperial Age
31:31 Treadmill Crane
32:17 Squires
33:36 Hand Cart
35:12 Stone Shaft Mining
35:17 Gold Shaft Mining
35:54 Two-Man Saw
37:16 Scale Barding Armor
37:22 Forging
39:18 Crop Rotation
39:25 Husbandry
44:18 Elite Cataphract
47:03 Chain Barding Armor
47:19 Iron Casting
46:46 Scale Mail Armor
gabmtzf23
8:36 Loom
11:11 Feudal Age
15:58 Castle Age
14:00 Double-Bit Axe
18:02 Wheelbarrow
17:15 Horse Collar
19:57 Bow Saw
20:52 Town Watch
23:56 Hand Cart
24:41 Gold Mining
24:44 Stone Mining
25:09 Town Patrol
26:46 Caravan
27:43 Heavy Plow
28:23 Gold Shaft Mining
28:24 Stone Shaft Mining
31:50 Imperial Age
32:29 Forging
32:25 Scale Barding Armor
32:22 Padded Archer Armor
32:40 Bloodlines
32:32 Husbandry
31:58 Heavy Camel Rider
33:45 Iron Casting
34:18 Chain Barding Armor
36:17 Chemistry
37:54 Blast Furnace
37:30 Plate Barding Armor
37:11 Leather Archer Armor
36:56 Imperial Camel Rider
38:22 Shatagni
38:25 Grand Trunk Road
43:24 Conscription
Connection lost

Rejoining the realm…

Still unreachable

The connection could not be restored.

Session expired

The server has moved on; the page needs a fresh start.